Blues vs Ducks

Created - November 11 2010 at 18:22

Goals
1 2 3 T
Blues 1 1 0 2
Ducks 1 3 0 4
Shots
1 2 3 T
Blues 8 9 11 28
Ducks 9 11 12 32

Period #1

1. Blues , Jamie Langenbrunner 4 (Chris Kunitz, Scott Niedermayer) at 4:28 (PP)
2. Ducks , Henrik Tallinder 2 (Jonathan Toews, Bobby Ryan) at 9:03 (PP)

Penalties :
Rob Scuderi (ANA) for Checking from behind (Major / Game Misconduct) at 2:57, Brad Lukowich (STL) for Interference (Minor) at 8:12, Henrik Tallinder (ANA) for Interference (Minor) at 10:21, Jay McKee (STL) for Tripping (Minor) at 12:32

Period #2

3. Ducks , Bobby Ryan 10 (Dustin Byfuglien, Jonathan Toews) at 4:06
4. Ducks , David Clarkson 5 (Andy McDonald, Tom Poti) at 5:39 (PP)
5. Ducks , Andy McDonald 7 (Richard Park, David Clarkson) at 7:06
6. Blues , Jussi Jokinen 8 (Brian Pothier, Saku Koivu) at 18:34 (PP)

Penalties :
Robyn Regehr (STL) for Slashing (Minor) at 5:08, Jordin Tootoo (STL) for Hooking (Minor) at 12:33, Nick Schultz (ANA) for Holding (Minor) at 16:21, Dustin Byfuglien (ANA) for Tripping (Minor) at 17:21

Period #3

No Goal

Penalties :
Chris Kunitz (STL) for Slashing (Minor) at 0:06, Jordin Tootoo (STL) for Tripping (Minor) at 11:23, Todd Bertuzzi (STL) for Hooking (Minor) at 16:47, Jakub Voracek (ANA) for Hooking (Minor) at 18:48

Goalie Stats

Jonathan Quick (STL), 12 saves from 16 shots - (0.750), L, 6-8-2, 27:06 minutes
Michael Leighton (STL), 16 saves from 16 shots - (1.000), 32:54 minutes
Jose Theodore (ANA), 26 saves from 28 shots - (0.929), W, 4-0-0, 60:00 minutes

Players Stats

Blues
Player Name              G  A  P  +/- PIM S  H  SB FO    MP 
------------------------------------------------------------
Alexander Frolov         0  0  0   0  0   1  3  0  0/0   18 
Brad Lukowich            0  0  0  -2  2   0  1  0  0/0   15 
Brian Pothier            0  1  1   0  0   0  3  2  0/0   21 
Chris Kunitz             0  1  1   0  2   2  3  1  1/2   14 
Dan Sexton               0  0  0   0  0   1  0  0  0/0   6  
Daymond Langkow          0  0  0   0  0   1  1  0  7/18  12 
Dennis Wideman           0  0  0   0  0   2  0  0  0/0   23 
Jamie Langenbrunner      1  0  1   0  0   2  2  0  1/2   19 
Jay McKee                0  0  0  -2  2   0  1  1  0/0   16 
Jordin Tootoo            0  0  0  -2  4   0  0  0  0/1   12 
Jussi Jokinen            1  0  1   0  0   5  0  0  9/17  15 
Kristian Huselius        0  0  0   0  0   5  1  0  1/1   18 
Matthew Lombardi         0  0  0   0  0   2  1  0  12/24 18 
Mike Comrie              0  0  0   0  0   2  0  0  2/2   6  
Robyn Regehr             0  0  0   0  2   0  0  2  0/0   22 
Saku Koivu               0  1  1  -2  0   3  0  1  13/25 18 
Scott Niedermayer        0  1  1   0  0   1  0  1  0/0   22 
Todd Bertuzzi            0  0  0  -2  2   1  2  0  0/1   16 
Ducks
Player Name              G  A  P  +/- PIM S  H  SB FO    MP 
------------------------------------------------------------
Andy McDonald            1  1  2   1  0   9  0  0  14/22 19 
Bobby Ryan               1  1  2   1  0   3  1  0  2/4   18 
Bryan Little             0  0  0   0  0   0  0  0  0/1   4  
Christian Hanson         0  0  0   0  0   0  1  1  13/27 20 
David Clarkson           1  1  2   1  0   3  6  0  0/2   19 
David Perron             0  0  0   0  0   2  1  0  0/0   14 
Dominic Moore            0  0  0   0  0   0  0  0  0/1   13 
Dustin Byfuglien         0  1  1   1  2   1  2  0  0/1   16 
Henrik Tallinder         1  0  1   1  2   1  1  4  0/0   22 
Jakub Voracek            0  0  0   0  2   1  0  0  1/1   14 
Jonathan Toews           0  2  2   1  0   7  1  0  17/33 21 
Kurtis Foster            0  0  0   0  0   1  0  0  0/0   18 
Marc-Edouard Vlasic      0  0  0   1  0   1  3  5  0/0   23 
Nick Schultz             0  0  0   1  2   0  3  1  0/0   23 
Richard Park             0  1  1   1  0   1  0  0  0/1   21 
Rob Scuderi              0  0  0   0  15  0  0  0  0/0   1  
Tom Poti                 0  1  1   1  0   2  1  0  0/0   23 
Ville Leino              0  0  0   0  0   0  0  0  0/0   0  

3 Stars

1 - David Clarkson (ANA)
2 - Bobby Ryan (ANA)
3 - Andy McDonald (ANA)

Power Play

Blues - 2 on 5 Attempt(s) - 40.00%
Ducks - 2 on 7 Attempt(s) - 28.57%

Penalty Kill

Blues - 5 on 7 Attempt(s) - 71.43% - Score 0 goal in Penalty Kill
Ducks - 3 on 5 Attempt(s) - 60.00% - Score 0 goal in Penalty Kill

Game Notes

Rob Scuderi ejected from game at 2:57 of 1st period
Michael Leighton enters game at 7:06 of 2nd period

Finance

Level 1 -- Attendance: 4702 (72.34%) -- Ticket Income $470,200.00
Level 2 -- Attendance: 3595 (71.90%) -- Ticket Income $215,700.00
Level 3 -- Attendance: 2759 (78.83%) -- Ticket Income $96,565.00
Level 4 -- Attendance: 1174 (100.00%) -- Ticket Income $23,480.00
Luxury Box -- Attendance: 795 (79.50%) -- Ticket Income $159,000.00
Game was played at the Honda Center
Total Attendance: 13025 (75.84%)
Total Ticket Income: $1,012,692.00
Other Income: $205,206.30
Total Income: $1,217,898.00


Play by Play

Period #1

0:01 of 1st period - Jussi Jokinen wins face-off versus Bobby Ryan in neutral zone.
0:16 of 1st period - Shot by Brian Pothier.
0:16 of 1st period - Deflect By Jamie Langenbrunner.
0:16 of 1st period - Stopped by Jose Theodore with a rebound.
0:19 of 1st period - Icing by Marc-Edouard Vlasic.
0:20 of 1st period - Jonathan Toews wins face-off versus Matthew Lombardi in Ducks zone.
0:27 of 1st period - Icing by Robyn Regehr.
0:28 of 1st period - Matthew Lombardi wins face-off versus Andy McDonald in Blues zone.
0:30 of 1st period - Icing by Dennis Wideman.
0:31 of 1st period - Matthew Lombardi wins face-off versus David Clarkson in Blues zone.
0:31 of 1st period - Matthew Lombardi is hit by David Clarkson.
0:43 of 1st period - Shot by Andy McDonald.
0:43 of 1st period - Stopped by Jonathan Quick with a rebound.
2:57 of 1st period - Shot by Todd Bertuzzi.
2:57 of 1st period - Stopped by Jose Theodore without a rebound.
2:57 of 1st period - Major / Game Misconduct Penalty to Rob Scuderi for Checking from behind.
2:57 of 1st period - Rob Scuderi is ejected from game.
2:58 of 1st period - Matthew Lombardi wins face-off versus Jonathan Toews in Ducks zone.
3:09 of 1st period - Shot by Alexander Frolov.
3:09 of 1st period - Shot Misses the Net.
3:11 of 1st period - Shot by Dennis Wideman.
3:11 of 1st period - Shot Misses the Net.
3:13 of 1st period - Shot by Alexander Frolov.
3:13 of 1st period - Shot Blocked by Henrik Tallinder.
3:15 of 1st period - Shot by Matthew Lombardi.
3:15 of 1st period - Stopped by Jose Theodore without a rebound.
3:16 of 1st period - Matthew Lombardi wins face-off versus Christian Hanson in Ducks zone.
3:41 of 1st period - Marc-Edouard Vlasic is hit by Kristian Huselius and loses puck.
4:22 of 1st period - Shot by Jamie Langenbrunner.
4:22 of 1st period - Shot Blocked by Marc-Edouard Vlasic.
4:26 of 1st period - Shot by Chris Kunitz.
4:26 of 1st period - Deflect By Jamie Langenbrunner.
4:26 of 1st period - Shot Misses the Net.
4:28 of 1st period - Shot by Jamie Langenbrunner.
4:28 of 1st period - Goal by Jamie Langenbrunner - Blues : 1 - Ducks : 0.
4:29 of 1st period - Jonathan Toews wins face-off versus Saku Koivu in neutral zone.
5:15 of 1st period - Icing by Jussi Jokinen.
5:16 of 1st period - Christian Hanson wins face-off versus Jussi Jokinen in Blues zone.
6:22 of 1st period - Shot by Kristian Huselius.
6:22 of 1st period - Shot Misses the Net.
6:26 of 1st period - Shot by Daymond Langkow.
6:26 of 1st period - Stopped by Jose Theodore without a rebound.
6:27 of 1st period - Jonathan Toews wins face-off versus Matthew Lombardi in Ducks zone.
6:58 of 1st period - Icing by Kristian Huselius.
6:59 of 1st period - Jonathan Toews wins face-off versus Matthew Lombardi in Blues zone.
7:09 of 1st period - Icing by Robyn Regehr.
7:10 of 1st period - Christian Hanson wins face-off versus Matthew Lombardi in Blues zone.
8:12 of 1st period - Shot by David Perron.
8:12 of 1st period - Stopped by Jonathan Quick without a rebound.
8:12 of 1st period - Minor Penalty to Brad Lukowich for Interference.
8:13 of 1st period - Saku Koivu wins face-off versus Richard Park in Blues zone.
8:28 of 1st period - Jamie Langenbrunner is hit by David Clarkson.
8:57 of 1st period - Shot by Bobby Ryan.
8:57 of 1st period - Stopped by Jonathan Quick without a rebound.
8:58 of 1st period - Jonathan Toews wins face-off versus Daymond Langkow in Blues zone.
8:59 of 1st period - Shot by Bobby Ryan.
8:59 of 1st period - Shot Misses the Net.
9:01 of 1st period - Shot by Jonathan Toews.
9:01 of 1st period - Stopped by Jonathan Quick with a rebound.
9:03 of 1st period - Shot by Henrik Tallinder.
9:03 of 1st period - Goal by Henrik Tallinder - Blues : 1 - Ducks : 1.
9:04 of 1st period - Mike Comrie wins face-off versus Christian Hanson in neutral zone.
9:29 of 1st period - Shot by Daymond Langkow.
9:29 of 1st period - Shot Misses the Net.
10:01 of 1st period - Todd Bertuzzi is hit by Henrik Tallinder and loses puck.
10:21 of 1st period - Minor Penalty to Henrik Tallinder for Interference.
10:22 of 1st period - Jussi Jokinen wins face-off versus Dominic Moore in Ducks zone.
10:22 of 1st period - Jussi Jokinen is hit by Nick Schultz.
10:24 of 1st period - Shot by Chris Kunitz.
10:24 of 1st period - Stopped by Jose Theodore without a rebound.
10:25 of 1st period - Jonathan Toews wins face-off versus Jussi Jokinen in Ducks zone.
10:31 of 1st period - Icing by Chris Kunitz.
10:32 of 1st period - Jonathan Toews wins face-off versus Jussi Jokinen in Blues zone.
10:32 of 1st period - Jonathan Toews is hit by Brian Pothier.
11:08 of 1st period - Icing by Alexander Frolov.
11:09 of 1st period - Bobby Ryan wins face-off versus Matthew Lombardi in Blues zone.
12:07 of 1st period - Icing by Jamie Langenbrunner.
12:08 of 1st period - Jonathan Toews wins face-off versus Jussi Jokinen in Blues zone.
12:32 of 1st period - Minor Penalty to Jay McKee for Tripping.
12:33 of 1st period - Saku Koivu wins face-off versus Jonathan Toews in Blues zone.
12:48 of 1st period - Shot by Bobby Ryan.
12:48 of 1st period - Shot Misses the Net.
12:52 of 1st period - Shot by Bobby Ryan.
12:52 of 1st period - Shot Misses the Net.
12:56 of 1st period - Shot by Jonathan Toews.
12:56 of 1st period - Stopped by Jonathan Quick without a rebound.
12:57 of 1st period - Andy McDonald wins face-off versus Daymond Langkow in Blues zone.
13:36 of 1st period - Daymond Langkow is hit by David Clarkson and loses puck.
14:11 of 1st period - Shot by Jonathan Toews.
14:11 of 1st period - Stopped by Jonathan Quick with a rebound.
14:19 of 1st period - Shot by Bobby Ryan.
14:19 of 1st period - Shot Blocked by Robyn Regehr.
14:53 of 1st period - Shot by Kristian Huselius.
14:53 of 1st period - Stopped by Jose Theodore without a rebound.
14:54 of 1st period - Saku Koivu wins face-off versus Christian Hanson in Ducks zone.
15:12 of 1st period - Icing by Henrik Tallinder.
15:13 of 1st period - Jussi Jokinen wins face-off versus Christian Hanson in Ducks zone.
15:27 of 1st period - Off-side.
15:28 of 1st period - Matthew Lombardi wins face-off versus Jonathan Toews in neutral zone.
15:31 of 1st period - Tom Poti is hit by Alexander Frolov and loses puck.
15:44 of 1st period - Shot by Jonathan Toews.
15:44 of 1st period - Stopped by Jonathan Quick without a rebound.
15:45 of 1st period - Andy McDonald wins face-off versus Daymond Langkow in Blues zone.
16:10 of 1st period - Shot by Daymond Langkow.
16:10 of 1st period - Deflect By Mike Comrie.
16:10 of 1st period - Stopped by Jose Theodore without a rebound.
16:11 of 1st period - Saku Koivu wins face-off versus Jonathan Toews in Ducks zone.
17:33 of 1st period - Icing by Kurtis Foster.
17:34 of 1st period - Christian Hanson wins face-off versus Chris Kunitz in Ducks zone.
17:34 of 1st period - Christian Hanson is hit by Chris Kunitz.
17:43 of 1st period - Henrik Tallinder is hit by Chris Kunitz and loses puck.
17:58 of 1st period - Icing by Scott Niedermayer.
17:59 of 1st period - Andy McDonald wins face-off versus Jussi Jokinen in Blues zone.
17:59 of 1st period - Kurtis Foster is hit by Brian Pothier and loses puck.
18:28 of 1st period - Shot by Andy McDonald.
18:28 of 1st period - Stopped by Jonathan Quick without a rebound.
18:29 of 1st period - Christian Hanson wins face-off versus Saku Koivu in Blues zone.
18:42 of 1st period - Shot by Bryan Little.
18:42 of 1st period - Shot Blocked by Saku Koivu.
19:32 of 1st period - Shot by Matthew Lombardi.
19:32 of 1st period - Shot Blocked by Nick Schultz.

Period #2

0:01 of 2nd period - Chris Kunitz wins face-off versus Jonathan Toews in neutral zone.
0:26 of 2nd period - Bobby Ryan is hit by Brian Pothier and loses puck.
1:27 of 2nd period - Shot by Andy McDonald.
1:27 of 2nd period - Stopped by Jonathan Quick without a rebound.
1:28 of 2nd period - Christian Hanson wins face-off versus Saku Koivu in Blues zone.
1:37 of 2nd period - Shot by Marc-Edouard Vlasic.
1:37 of 2nd period - Shot Misses the Net.
1:41 of 2nd period - Shot by Kurtis Foster.
1:41 of 2nd period - Stopped by Jonathan Quick without a rebound.
1:42 of 2nd period - Christian Hanson wins face-off versus Daymond Langkow in Blues zone.
1:51 of 2nd period - Shot by Jakub Voracek.
1:51 of 2nd period - Shot Misses the Net.
2:38 of 2nd period - Shot by Richard Park.
2:38 of 2nd period - Stopped by Jonathan Quick without a rebound.
2:39 of 2nd period - Matthew Lombardi wins face-off versus Jonathan Toews in Blues zone.
3:06 of 2nd period - Shot by Bobby Ryan.
3:06 of 2nd period - Stopped by Jonathan Quick without a rebound.
3:07 of 2nd period - Saku Koivu wins face-off versus Andy McDonald in Blues zone.
3:07 of 2nd period - Saku Koivu is hit by David Clarkson.
3:14 of 2nd period - Todd Bertuzzi is hit by Nick Schultz and loses puck.
3:22 of 2nd period - Off-side.
3:23 of 2nd period - Jussi Jokinen wins face-off versus Christian Hanson in neutral zone.
3:23 of 2nd period - Jussi Jokinen is hit by Christian Hanson.
3:30 of 2nd period - Icing by Nick Schultz.
3:31 of 2nd period - Matthew Lombardi wins face-off versus Christian Hanson in Ducks zone.
3:32 of 2nd period - Shot by Kristian Huselius.
3:32 of 2nd period - Shot Misses the Net.
3:38 of 2nd period - David Perron is hit by Alexander Frolov and loses puck.
3:56 of 2nd period - Off-side.
3:57 of 2nd period - Jonathan Toews wins face-off versus Saku Koivu in neutral zone.
4:04 of 2nd period - Shot by Dustin Byfuglien.
4:04 of 2nd period - Shot Misses the Net.
4:06 of 2nd period - Shot by Bobby Ryan.
4:06 of 2nd period - Goal by Bobby Ryan - Blues : 1 - Ducks : 2.
4:07 of 2nd period - Andy McDonald wins face-off versus Jussi Jokinen in neutral zone.
4:18 of 2nd period - Off-side.
4:19 of 2nd period - Saku Koivu wins face-off versus Dustin Byfuglien in neutral zone.
4:41 of 2nd period - Shot by Saku Koivu.
4:41 of 2nd period - Stopped by Jose Theodore without a rebound.
4:42 of 2nd period - Christian Hanson wins face-off versus Matthew Lombardi in Ducks zone.
5:08 of 2nd period - Minor Penalty to Robyn Regehr for Slashing.
5:09 of 2nd period - Andy McDonald wins face-off versus Saku Koivu in Blues zone.
5:39 of 2nd period - Shot by David Clarkson.
5:39 of 2nd period - Goal by David Clarkson - Blues : 1 - Ducks : 3.
5:40 of 2nd period - Jussi Jokinen wins face-off versus Christian Hanson in neutral zone.
5:49 of 2nd period - Shot by Jussi Jokinen.
5:49 of 2nd period - Shot Blocked by Marc-Edouard Vlasic.
6:11 of 2nd period - Shot by David Perron.
6:11 of 2nd period - Shot Blocked by Scott Niedermayer.
6:19 of 2nd period - Shot by Jussi Jokinen.
6:19 of 2nd period - Shot Hit the Post.
6:30 of 2nd period - Icing by Kurtis Foster.
6:31 of 2nd period - Matthew Lombardi wins face-off versus Christian Hanson in Ducks zone.
6:42 of 2nd period - Shot by Alexander Frolov.
6:42 of 2nd period - Shot Misses the Net.
6:44 of 2nd period - Shot by Matthew Lombardi.
6:44 of 2nd period - Shot Blocked by Marc-Edouard Vlasic.
6:46 of 2nd period - Shot by Robyn Regehr.
6:46 of 2nd period - Shot Blocked by Marc-Edouard Vlasic.
6:48 of 2nd period - Shot by Dennis Wideman.
6:48 of 2nd period - Shot Blocked by Marc-Edouard Vlasic.
6:50 of 2nd period - Shot by Dennis Wideman.
6:50 of 2nd period - Stopped by Jose Theodore with a rebound.
6:54 of 2nd period - Shot by Alexander Frolov.
6:54 of 2nd period - Deflect By Kristian Huselius.
6:54 of 2nd period - Stopped by Jose Theodore without a rebound.
6:55 of 2nd period - Andy McDonald wins face-off versus Todd Bertuzzi in Ducks zone.
7:04 of 2nd period - Shot by Andy McDonald.
7:04 of 2nd period - Shot Misses the Net.
7:06 of 2nd period - Shot by Andy McDonald.
7:06 of 2nd period - Goal by Andy McDonald - Blues : 1 - Ducks : 4.
7:06 of 2nd period - Michael Leighton enters game.
7:07 of 2nd period - Mike Comrie wins face-off versus Andy McDonald in neutral zone.
7:24 of 2nd period - Shot by Dan Sexton.
7:24 of 2nd period - Stopped by Jose Theodore with a rebound.
7:49 of 2nd period - Shot by Saku Koivu.
7:49 of 2nd period - Shot Blocked by Henrik Tallinder.
7:51 of 2nd period - Shot by Brad Lukowich.
7:51 of 2nd period - Shot Misses the Net.
7:55 of 2nd period - Shot by Saku Koivu.
7:55 of 2nd period - Stopped by Jose Theodore without a rebound.
7:56 of 2nd period - Jonathan Toews wins face-off versus Matthew Lombardi in Ducks zone.
8:05 of 2nd period - Dennis Wideman is hit by Tom Poti and loses puck.
8:24 of 2nd period - Shot by Kristian Huselius.
8:24 of 2nd period - Stopped by Jose Theodore with a rebound.
8:26 of 2nd period - Shot by Robyn Regehr.
8:26 of 2nd period - Shot Misses the Net.
8:33 of 2nd period - Icing by Marc-Edouard Vlasic.
8:34 of 2nd period - Jonathan Toews wins face-off versus Saku Koivu in Ducks zone.
9:29 of 2nd period - Shot by Jussi Jokinen.
9:29 of 2nd period - Stopped by Jose Theodore without a rebound.
9:30 of 2nd period - Andy McDonald wins face-off versus Daymond Langkow in Ducks zone.
9:30 of 2nd period - Andy McDonald is hit by Daymond Langkow.
9:50 of 2nd period - Shot by Mike Comrie.
9:50 of 2nd period - Shot Misses the Net.
9:54 of 2nd period - Shot by Daymond Langkow.
9:54 of 2nd period - Shot Misses the Net.
9:56 of 2nd period - Shot by Brian Pothier.
9:56 of 2nd period - Shot Misses the Net.
10:00 of 2nd period - Shot by Daymond Langkow.
10:00 of 2nd period - Deflect By Mike Comrie.
10:00 of 2nd period - Shot Misses the Net.
10:42 of 2nd period - Shot by Alexander Frolov.
10:42 of 2nd period - Deflect By Matthew Lombardi.
10:42 of 2nd period - Shot Misses the Net.
11:19 of 2nd period - Christian Hanson is hit by Alexander Frolov and loses puck.
11:38 of 2nd period - Shot by Jakub Voracek.
11:38 of 2nd period - Stopped by Michael Leighton without a rebound.
11:39 of 2nd period - Andy McDonald wins face-off versus Jussi Jokinen in Blues zone.
11:40 of 2nd period - Shot by David Clarkson.
11:40 of 2nd period - Shot Blocked by Brian Pothier.
11:44 of 2nd period - Shot by Andy McDonald.
11:44 of 2nd period - Shot Misses the Net.
12:08 of 2nd period - Shot by Andy McDonald.
12:08 of 2nd period - Stopped by Michael Leighton without a rebound.
12:09 of 2nd period - Jakub Voracek wins face-off versus Saku Koivu in Blues zone.
12:12 of 2nd period - Shot by David Perron.
12:12 of 2nd period - Stopped by Michael Leighton without a rebound.
12:13 of 2nd period - Saku Koivu wins face-off versus Christian Hanson in Blues zone.
12:13 of 2nd period - Saku Koivu is hit by David Perron.
12:33 of 2nd period - Minor Penalty to Jordin Tootoo for Hooking.
12:34 of 2nd period - Saku Koivu wins face-off versus Jonathan Toews in Blues zone.
12:34 of 2nd period - Saku Koivu is hit by Bobby Ryan.
12:41 of 2nd period - Icing by Marc-Edouard Vlasic.
12:42 of 2nd period - Daymond Langkow wins face-off versus Jonathan Toews in Ducks zone.
13:02 of 2nd period - Icing by Bobby Ryan.
13:03 of 2nd period - Jonathan Toews wins face-off versus Saku Koivu in Ducks zone.
13:03 of 2nd period - Jonathan Toews is hit by Jamie Langenbrunner.
13:10 of 2nd period - Jamie Langenbrunner is hit by Nick Schultz and loses puck.
14:43 of 2nd period - Chris Kunitz is hit by Marc-Edouard Vlasic and loses puck.
15:23 of 2nd period - Matthew Lombardi is hit by Marc-Edouard Vlasic and loses puck.
15:42 of 2nd period - Icing by Alexander Frolov.
15:43 of 2nd period - Andy McDonald wins face-off versus Matthew Lombardi in Blues zone.
15:54 of 2nd period - Shot by Andy McDonald.
15:54 of 2nd period - Stopped by Michael Leighton without a rebound.
15:55 of 2nd period - Saku Koivu wins face-off versus David Clarkson in Blues zone.
15:55 of 2nd period - Saku Koivu is hit by David Clarkson.
16:21 of 2nd period - Minor Penalty to Nick Schultz for Holding.
16:22 of 2nd period - Jussi Jokinen wins face-off versus Jonathan Toews in Ducks zone.
17:03 of 2nd period - Dustin Byfuglien is hit by Jamie Langenbrunner and loses puck.
17:21 of 2nd period - Minor Penalty to Dustin Byfuglien for Tripping.
17:22 of 2nd period - Jonathan Toews wins face-off versus Matthew Lombardi in Ducks zone.
18:08 of 2nd period - Shot by Jussi Jokinen.
18:08 of 2nd period - Stopped by Jose Theodore without a rebound.
18:09 of 2nd period - Jussi Jokinen wins face-off versus Christian Hanson in Ducks zone.
18:14 of 2nd period - Shot by Scott Niedermayer.
18:14 of 2nd period - Shot Blocked by Christian Hanson.
18:18 of 2nd period - Shot by Saku Koivu.
18:18 of 2nd period - Shot Misses the Net.
18:20 of 2nd period - Shot by Saku Koivu.
18:20 of 2nd period - Shot Blocked by Henrik Tallinder.
18:24 of 2nd period - Shot by Scott Niedermayer.
18:24 of 2nd period - Deflect By Jussi Jokinen.
18:24 of 2nd period - Shot Misses the Net.
18:26 of 2nd period - Shot by Brian Pothier.
18:26 of 2nd period - Shot Misses the Net.
18:30 of 2nd period - Shot by Saku Koivu.
18:30 of 2nd period - Shot Misses the Net.
18:34 of 2nd period - Shot by Jussi Jokinen.
18:34 of 2nd period - Goal by Jussi Jokinen - Blues : 2 - Ducks : 4.
18:35 of 2nd period - Christian Hanson wins face-off versus Jordin Tootoo in neutral zone.
18:41 of 2nd period - Christian Hanson is hit by Brad Lukowich and loses puck.
18:51 of 2nd period - Off-side.
18:52 of 2nd period - Matthew Lombardi wins face-off versus Andy McDonald in neutral zone.
18:54 of 2nd period - Dennis Wideman is hit by David Clarkson.
19:52 of 2nd period - Kurtis Foster is hit by Todd Bertuzzi and loses puck.

Period #3

0:01 of 3rd period - Jussi Jokinen wins face-off versus Jonathan Toews in neutral zone.
0:01 of 3rd period - Jussi Jokinen is hit by Dustin Byfuglien.
0:05 of 3rd period - Tom Poti is hit by Chris Kunitz and loses puck.
0:06 of 3rd period - Minor Penalty to Chris Kunitz for Slashing.
0:07 of 3rd period - Andy McDonald wins face-off versus Daymond Langkow in Blues zone.
0:32 of 3rd period - Shot by Andy McDonald.
0:32 of 3rd period - Stopped by Michael Leighton without a rebound.
0:33 of 3rd period - Jonathan Toews wins face-off versus Daymond Langkow in Blues zone.
1:00 of 3rd period - Shot by Bobby Ryan.
1:00 of 3rd period - Deflect By Jonathan Toews.
1:00 of 3rd period - Stopped by Michael Leighton without a rebound.
1:01 of 3rd period - Saku Koivu wins face-off versus Andy McDonald in Blues zone.
1:30 of 3rd period - Shot by David Clarkson.
1:30 of 3rd period - Shot Misses the Net.
1:32 of 3rd period - Shot by David Clarkson.
1:32 of 3rd period - Stopped by Michael Leighton without a rebound.
1:33 of 3rd period - Daymond Langkow wins face-off versus Jonathan Toews in Blues zone.
1:45 of 3rd period - Icing by Kurtis Foster.
1:46 of 3rd period - Daymond Langkow wins face-off versus Jonathan Toews in Ducks zone.
1:55 of 3rd period - Shot by Jonathan Toews.
1:55 of 3rd period - Stopped by Michael Leighton with a rebound.
2:09 of 3rd period - Shot by Jakub Voracek.
2:09 of 3rd period - Shot Blocked by Chris Kunitz.
2:13 of 3rd period - Shot by Tom Poti.
2:13 of 3rd period - Stopped by Michael Leighton without a rebound.
2:14 of 3rd period - Andy McDonald wins face-off versus Daymond Langkow in Blues zone.
2:49 of 3rd period - Shot by David Clarkson.
2:49 of 3rd period - Shot Blocked by Brian Pothier.
3:34 of 3rd period - Shot by Alexander Frolov.
3:34 of 3rd period - Shot Misses the Net.
3:36 of 3rd period - Shot by Matthew Lombardi.
3:36 of 3rd period - Stopped by Jose Theodore without a rebound.
3:37 of 3rd period - Christian Hanson wins face-off versus Saku Koivu in Ducks zone.
4:35 of 3rd period - Shot by Chris Kunitz.
4:35 of 3rd period - Shot Blocked by Henrik Tallinder.
4:37 of 3rd period - Shot by Jussi Jokinen.
4:37 of 3rd period - Stopped by Jose Theodore without a rebound.
4:38 of 3rd period - Kristian Huselius wins face-off versus Jonathan Toews in Ducks zone.
4:38 of 3rd period - Dennis Wideman is hit by Marc-Edouard Vlasic and loses puck.
4:46 of 3rd period - Icing by Tom Poti.
4:47 of 3rd period - Jonathan Toews wins face-off versus Matthew Lombardi in Ducks zone.
7:01 of 3rd period - Shot by Saku Koivu.
7:01 of 3rd period - Shot Misses the Net.
7:03 of 3rd period - Shot by Todd Bertuzzi.
7:03 of 3rd period - Shot Misses the Net.
7:51 of 3rd period - Icing by Jakub Voracek.
7:52 of 3rd period - Daymond Langkow wins face-off versus Christian Hanson in Ducks zone.
8:03 of 3rd period - Shot by Mike Comrie.
8:03 of 3rd period - Stopped by Jose Theodore without a rebound.
8:04 of 3rd period - Jonathan Toews wins face-off versus Matthew Lombardi in Ducks zone.
8:04 of 3rd period - Jonathan Toews is hit by Matthew Lombardi.
8:17 of 3rd period - Shot by Dennis Wideman.
8:17 of 3rd period - Shot Misses the Net.
8:19 of 3rd period - Shot by Dennis Wideman.
8:19 of 3rd period - Stopped by Jose Theodore with a rebound.
9:36 of 3rd period - Shot by Jussi Jokinen.
9:36 of 3rd period - Stopped by Jose Theodore without a rebound.
9:37 of 3rd period - Saku Koivu wins face-off versus Andy McDonald in Ducks zone.
10:06 of 3rd period - Shot by Saku Koivu.
10:06 of 3rd period - Stopped by Jose Theodore without a rebound.
10:07 of 3rd period - Daymond Langkow wins face-off versus Christian Hanson in Ducks zone.
10:22 of 3rd period - Shot by Jakub Voracek.
10:22 of 3rd period - Shot Misses the Net.
10:24 of 3rd period - Shot by Christian Hanson.
10:24 of 3rd period - Deflect By Jakub Voracek.
10:24 of 3rd period - Shot Misses the Net.
10:43 of 3rd period - Icing by Scott Niedermayer.
10:44 of 3rd period - Daymond Langkow wins face-off versus Andy McDonald in Blues zone.
10:59 of 3rd period - Shot by Andy McDonald.
10:59 of 3rd period - Stopped by Michael Leighton without a rebound.
11:00 of 3rd period - Matthew Lombardi wins face-off versus Jonathan Toews in Blues zone.
11:00 of 3rd period - Matthew Lombardi is hit by Dustin Byfuglien.
11:14 of 3rd period - Shot by Kristian Huselius.
11:14 of 3rd period - Stopped by Jose Theodore without a rebound.
11:15 of 3rd period - Andy McDonald wins face-off versus Saku Koivu in Ducks zone.
11:15 of 3rd period - Andy McDonald is hit by Todd Bertuzzi.
11:23 of 3rd period - Minor Penalty to Jordin Tootoo for Tripping.
11:24 of 3rd period - Saku Koivu wins face-off versus Andy McDonald in Blues zone.
11:37 of 3rd period - Shot by Tom Poti.
11:37 of 3rd period - Stopped by Michael Leighton without a rebound.
11:38 of 3rd period - Jamie Langenbrunner wins face-off versus Jonathan Toews in Blues zone.
11:53 of 3rd period - Shot by Dustin Byfuglien.
11:53 of 3rd period - Stopped by Michael Leighton without a rebound.
11:54 of 3rd period - Andy McDonald wins face-off versus Daymond Langkow in Blues zone.
12:09 of 3rd period - Shot by David Clarkson.
12:09 of 3rd period - Stopped by Michael Leighton without a rebound.
12:10 of 3rd period - Jonathan Toews wins face-off versus Saku Koivu in Blues zone.
12:11 of 3rd period - Shot by Marc-Edouard Vlasic.
12:11 of 3rd period - Shot Blocked by Jay McKee.
12:13 of 3rd period - Shot by Jonathan Toews.
12:13 of 3rd period - Stopped by Michael Leighton without a rebound.
12:14 of 3rd period - Bobby Ryan wins face-off versus Saku Koivu in Blues zone.
12:16 of 3rd period - Jonathan Toews is hit by Jay McKee and loses puck.
12:59 of 3rd period - Shot by Nick Schultz.
12:59 of 3rd period - Shot Misses the Net.
13:03 of 3rd period - Shot by Andy McDonald.
13:03 of 3rd period - Stopped by Michael Leighton without a rebound.
13:04 of 3rd period - Andy McDonald wins face-off versus Daymond Langkow in Blues zone.
13:48 of 3rd period - Icing by Brian Pothier.
13:49 of 3rd period - Christian Hanson wins face-off versus Jussi Jokinen in Blues zone.
14:55 of 3rd period - Shot by Marc-Edouard Vlasic.
14:55 of 3rd period - Stopped by Michael Leighton with a rebound.
15:05 of 3rd period - Shot by Richard Park.
15:05 of 3rd period - Shot Blocked by Robyn Regehr.
15:40 of 3rd period - Icing by Brad Lukowich.
15:41 of 3rd period - Saku Koivu wins face-off versus Bobby Ryan in Blues zone.
16:47 of 3rd period - Minor Penalty to Todd Bertuzzi for Hooking.
16:48 of 3rd period - Daymond Langkow wins face-off versus Bryan Little in Blues zone.
16:48 of 3rd period - Daymond Langkow is hit by Jonathan Toews.
17:42 of 3rd period - Icing by Tom Poti.
17:43 of 3rd period - Christian Hanson wins face-off versus Daymond Langkow in Ducks zone.
18:48 of 3rd period - Minor Penalty to Jakub Voracek for Hooking.
18:49 of 3rd period - Christian Hanson wins face-off versus Jamie Langenbrunner in Ducks zone.
19:08 of 3rd period - Shot by Scott Niedermayer.
19:08 of 3rd period - Stopped by Jose Theodore without a rebound.
19:09 of 3rd period - Matthew Lombardi wins face-off versus Christian Hanson in Ducks zone.
19:12 of 3rd period - Shot by Alexander Frolov.
19:12 of 3rd period - Stopped by Jose Theodore without a rebound.
19:13 of 3rd period - Christian Hanson wins face-off versus Matthew Lombardi in Ducks zone.
19:28 of 3rd period - Shot by Alexander Frolov.
19:28 of 3rd period - Shot Misses the Net.
19:32 of 3rd period - Shot by Kristian Huselius.
19:32 of 3rd period - Stopped by Jose Theodore without a rebound.
19:33 of 3rd period - Jussi Jokinen wins face-off versus Christian Hanson in Ducks zone.
19:42 of 3rd period - Shot by Scott Niedermayer.
19:42 of 3rd period - Shot Misses the Net.
19:46 of 3rd period - Shot by Chris Kunitz.
19:46 of 3rd period - Stopped by Jose Theodore without a rebound.
19:47 of 3rd period - Matthew Lombardi wins face-off versus Jonathan Toews in Ducks zone.
19:58 of 3rd period - Shot by Dennis Wideman.
19:58 of 3rd period - Shot Misses the Net.


Output by the SimonT Hockey Simulator (STHS) for Stephane Roy -- Original Page W3C XHTML 1.0 Valid